 Dungeon Crawl Stone Soup version 0.28-a0-1404-g4df0f3684d (webtiles) character file.

Game seed: 13724308536043469385

144 flotson the Chopper (level 5, -1/40 HPs)
             Began as a Demonspawn Gladiator on Jan 5, 2022.
             Succumbed to a hornet's poison
             ... on level 4 of the Dungeon.
             The game lasted 00:02:19 (2601 turns).

flotson the Chopper (Demonspawn Gladiator)          Turns: 2601, Time: 00:02:20

Health: -1/40      AC:  6    Str: 16 (17) XL:     5   Next: 5%
Magic:  5/5        EV: 10    Int:  7 (9)  God:
Gold:   63         SH:  0    Dex: 11 (14) Spells: 4/4 levels left

rFire   . . .      SeeInvis .   a - +0 war axe
rCold   . . .      Faith    .   (no shield)
rNeg    . . .      Spirit   .   f - +0 scale mail
rPois   .          Reflect  .   (helmet restricted)
rElec   .          Harm     .   (no cloak)
rCorr   .          Rampage  .   (no gloves)
Will    .....                   (no boots)
Stlth   ..........              (no amulet)
HPRegen 0.13/turn               (no ring)
MPRegen 0.09/turn               (no ring)

@: lethally poisoned (-1 -> -20), slowed, very slow
A: horns 2, spiny 1
a: no special abilities


You were on level 4 of the Dungeon.
You visited 1 branch of the dungeon, and saw 4 of its levels.

You collected 63 gold pieces.

Inventory:

Hand Weapons
 a - a +0 war axe (weapon)
Missiles
 d - 4 throwing nets (quivered)
 i - 4 boomerangs
Armour
 f - a +0 scale mail (worn)
Jewellery
 b - a ring of positive energy
Scrolls
 e - 2 scrolls of teleportation {unknown}
 j - a scroll of vulnerability {unknown}
 k - a scroll of enchant armour {unknown}
 l - 3 scrolls of fog {unknown}
Potions
 c - a potion of mutation {unknown}
 g - a potion of degeneration
 h - a potion of brilliance {unknown}


   Skills:
 + Level 2.9 Fighting
 + Level 3.3 Axes
 + Level 2.5 Throwing
 + Level 1.6 Armour
 + Level 3.3 Dodging


You had 4 spell levels left.
You didn't know any spells.
Your spell library contained the following spells:

 Spells                   Type           Power      Damage    Failure   Level
 Animate Skeleton         Necr           0%         N/A       86%         1
 Pain                     Necr           0%         1d4       86%         1
 Slow                     Hex            0%         N/A       86%         1
 Corpse Rot               Necr/Air       0%         N/A       95%         2
 Ensorcelled Hibernation  Hex/Ice        0%         N/A       95%         2
 Poisonous Vapours        Pois/Air       0%         N/A       95%         2
 Confusing Touch          Hex            0%         N/A       99%         3
 Spider Form              Tmut/Pois      0%         N/A       99%         3
 Tukima's Dance           Hex            0%         N/A       99%         3
 Vampiric Draining        Necr           0%         2d6       99%         3
 Enfeeble                 Hex            0%         N/A       100%        7
 Borgnjor's Revivificati  Necr           0%         N/A       100%        8
 Necromutation            Tmut/Necr      0%         N/A       100%        8
 Death's Door             Necr           0%         N/A       100%        9


Dungeon Overview and Level Annotations

Branches:
Dungeon (4/15)
 Temple: D:4-7

Altars:


Innate Abilities, Weirdness & Mutations

You have a pair of horns on your head.
You are partially covered in sharp spines.


Message History

No target in view!
No target in view!
No target in view!
You see here a hobgoblin corpse.
You open the door.
There is an open door here.
There is an open door here.
Done exploring.
Done exploring.
(D) Dungeon
Where to? (Enter - D:3, ? - help)
There is an open door here.
You open the door.
There is an open door here.
There is a stone staircase leading down here.
You climb downwards.
Found a mace and 3 scrolls labelled KUHAPN WAH BINT.
There is a stone staircase leading up here.
l - 3 scrolls labelled KUHAPN WAH BINT A hornet comes into view.
The hornet buzzes angrily.
The hornet closely misses you.
You hit the hornet.
The hornet is lightly wounded.
The hornet stings you!
You feel yourself slow down. The hornet stings you.
You feel as though you will be slow longer.
You hit the hornet but do no damage.
The hornet is lightly wounded.
The hornet is struck by your spines. The hornet stings you!
You are poisoned.
You feel as though you will be slow longer.
The hornet stings you!
* * * LOW HITPOINT WARNING * * *
You are more poisoned.
You feel as though you will be slow longer.
The hornet is struck by your spines. The hornet barely misses you.
It was a potion of degeneration.
There was something very wrong with that liquid.
You feel weakened.
You feel dopey.
You feel clumsy.
You die...

##.. ...####
...... #....#
#..... #
#....##.#.#
#....y....#
#...@# ##
#####.#..# ..
.........# .#
.........#..#
..).........#
.......<....#
........#..##
#####......#
#.###.##


You could see a hornet.

Vanquished Creatures
  A jelly (D:3)
  Terence (D:2)
  4 adders (D:3)
  A worm (D:3)
  8 bats
  8 endoplasms
  4 giant cockroaches
  6 goblins
  5 hobgoblins
  5 ball pythons
  2 frilled lizards (D:3)
  A kobold (D:3)
  4 rats
50 creatures vanquished.

Notes
Turn   | Place    | Note
-------+----------+-------------------------------------------
     0 | D:1      | flotson the Demonspawn Gladiator began the quest for the
                  | Orb.
     0 | D:1      | Reached XP level 1. HP: 16/16 MP: 1/1
   173 | D:1      | Discovered your monstrous ancestry.
   173 | D:1      | Gained mutation: You have a pair of small horns on your
                  | head. [demonic ancestry]
   173 | D:1      | Reached XP level 2. HP: 3/22 MP: 2/2
   854 | D:2      | Gained mutation: You have a pair of horns on your head.
                  | [demonic ancestry]
   854 | D:2      | Reached XP level 3. HP: 28/28 MP: 3/3
  1054 | D:2      | Noticed Terence
  1058 | D:2      | Killed Terence
  1059 | D:2      | Reached skill level 1 in Armour
  1496 | D:3      | Found a faded altar of an unknown god.
  1560 | D:3      | Gained mutation: You are partially covered in sharp spines.
                  | [demonic ancestry]
  1560 | D:3      | Reached XP level 4. HP: 28/34 MP: 4/4
  2197 | D:3      | Reached XP level 5. HP: 40/40 MP: 5/5
  2598 | D:4      | Noticed a hornet
  2601 | D:4      | Succumbed to a hornet's poison

Illustrated notes

Levels and vault maps discovered:
D:1:      elethiomel_arrival_quiet, layout_basic, minmay_domino_2
D:2:      layout_loops_ring, uniq_terence
D:3:      layout_loops_corners, nicolae_ecumenical_snake_handling,
          kennysheep_big_empty_room
D:4:      layout_basic, old_standard_altar, mainiacjoe_overflow_alcove_2,
          mainiacjoe_overflow_24_doors, mainiacjoe_overflow_paths,
          mainiacjoe_overflow_boulevard, uniq_blork_the_orc

Skill      XL: |  1  2  3 |
---------------+----------+-----
Throwing       | 2 |  2.5
Axes           | 3 |  3.3
Armour         | 1 |  1.6
Dodging        | 3 |  3.3
Fighting       | |  2.9

Action                   |  1- 3 |  4- 6 || total
-------------------------+-------+-------++-------
Melee: War axe           |    90 |    21 ||   111
       Headbutt          |     9 |     3 ||    12
  Use: Potion            |       |     1 ||     1
Armor: Scale mail        |    41 |     5 ||    46
Dodge: Dodged            |    53 |    10 ||    63

Table legend: (Time is in decaauts)
 A = Elapsed time spent in this place.
 B = Non-inter-level travel time spent in this place.
 C = Inter-level travel time spent in this place.
 D = Time resting spent in this place.
 E = Time spent auto-exploring this place.
 F = Levels seen in this place.
 G = Mean time per level.
                   A        B        C        D        E       F      G
               +--------+--------+--------+--------+--------+-----+--------+
         Total |   2640 |   2530 |    110 |      0 |   2206 |   4 |  660.0 |
       Dungeon |   2640 |   2530 |    110 |      0 |   2206 |   4 |  660.0 |
               +--------+--------+--------+--------+--------+-----+--------+

Top non-repeatable levels by time:
     D:3: 1146 daAuts
     D:1: 853 daAuts
     D:2: 630 daAuts
     D:4: 10 daAuts
